 Dungeon Crawl Stone Soup version 0.29-a0-617-g7a6b98fccd (webtiles) character file.

Game seed: 4044075933580796773

11949 shoop the Brawler (level 12, -1/124 HPs)
             Began as a Meteoran Transmuter on June 18, 2022.
             Was a Priest of Nemelex Xobeh.
             Slain by an entropy weaver simulacrum (4 damage)
             ... in an ice cave.
             The game lasted 00:35:40 (3393 turns).

shoop the Brawler (Meteoran Transmuter)             Turns: 3393, Time: 00:35:41

Health: -1/124     AC: 11    Str: 12 (15) XL:     12   Next: 42%
Magic:  0/20       EV: 12    Int: 15 (18) God:    Nemelex Xobeh [***...]
Gold:   628        SH:  0    Dex: 18 (20) Spells: 11/21 levels left

rFire   x . .      SeeInvis .     - Unarmed
rCold   + + +      Faith    .   (shield currently unavailable)
rNeg    . . .      Spirit   +   (body armour currently unavailable)
rPois   +          Reflect  .   (helmet currently unavailable)
rElec   .          Harm     .   (cloak currently unavailable)
rCorr   .          Rampage  .   (gloves currently unavailable)
Will    +....                   (boots currently unavailable)
Stlth   +.........              f - amulet of guardian spirit
HPRegen 0.30/turn               c - +4 ring of protection
MPRegen 0.17/turn               d - +6 ring of dexterity

@: ice-form, attractive, glowing, studying Maces & Flails, invisible (but
backlit and visible)
A: freezing attack, amphibious, boosted hp, large, sense surroundings 2,
otherworldly, glowing, explore regen
a: End Transformation, Renounce Religion, Draw Escape, Draw Destruction, Draw
Summoning, Triple Draw


You were in an ice cave.
You worshipped Nemelex Xobeh.
Nemelex Xobeh was most pleased with you.
You were a creature of crystalline ice.
You visited 3 branches of the dungeon, and saw 13 of its levels.
You also visited: Ice Cave.

You collected 628 gold pieces.

Inventory:

Hand Weapons
 o - a +1 war axe of electrocution (melded)
Armour
 a - a +0 robe
 g - a +0 leather armour of resistance
 s - a +0 buckler
 t - a +2 robe (melded)
 u - the +5 robe of Misfortune {Harm *Corrode *Slow EV+5}
   (You found it on level 6 of the Dungeon)

   EV:        It affects your evasion (+5).
   *Corrode:  It may corrode you when you take damage.
   *Slow:     It may slow you when you take damage.
   Harm:      It increases damage dealt and taken.
 A - a +0 pair of gloves (melded)
 F - a +0 cloak
 M - a +1 tower shield of cold resistance
Jewellery
 c - a +4 ring of protection (left front paw)
 d - a +6 ring of dexterity (right front paw)
 f - an amulet of guardian spirit (around neck)
 i - a ring of willpower
 r - a ring of see invisible
 v - a ring of protection from fire
 x - a +6 ring of dexterity
Wands
 j - a wand of iceblast (18)
 n - a wand of light (7)
 y - a wand of paralysis (6)
 J - a wand of flame (14)
Scrolls
 m - a scroll of teleportation
 p - 2 scrolls of vulnerability
 q - a scroll of silence {unknown}
 z - 2 scrolls of enchant weapon {unknown}
 B - 2 scrolls of poison {unknown}
 C - a scroll of fog {unknown}
 D - a scroll of brand weapon
 G - a scroll of blinking {unknown}
 H - a scroll of torment
 I - a scroll of enchant armour {unknown}
Potions
 b - 2 potions of lignification
 e - 2 potions of attraction
 h - 6 potions of curing
 k - 4 potions of degeneration
 l - 2 potions of resistance
 w - 3 potions of invisibility
 E - a potion of might {unknown}
 K - a potion of heal wounds {unknown}
Miscellaneous
 L - a piece from Xom's chessboard (15/15)


   Skills:
 + Level 9.0 Fighting
 - Level 5.0 Dodging
 - Level 15.0 Unarmed Combat
 - Level 5.3 Spellcasting
 - Level 7.0 Transmutations
 - Level 4.0 Ice Magic
 - Level 2.0 Earth Magic
 - Level 2.0 Poison Magic
 - Level 8.0 Invocations
 - Level 3.0 Evocations


You had 11 spell levels left.
You knew the following spells:

 Your Spells              Type           Power      Damage    Failure   Level
a - Spider Form           Tmut/Pois      17%        N/A       8%          3
b - Beastly Appendage     Tmut           48%        N/A       1%          1
c - Ice Form              Ice/Tmut       20%        N/A       17%         4
p - Passwall              Tmut/Erth      14%        N/A       3%          2

Your spell library contained the following spells:

 Spells                   Type           Power      Damage    Failure   Level
 Wereblood                Tmut           24%        N/A       1%          2
 Sandblast                Erth           18%        2d7       7%          1
 Ignite Poison            Fire/Tmut/Pois 12%        N/A       14%         3
 Apportation              Tloc           6%         N/A       16%         1
 Necrotize                Necr           12%        1d4       16%         1
 Summon Small Mammal      Summ           12%        N/A       16%         1
 Stone Arrow              Conj/Erth      12%        3d7       32%         3
 Gell's Gravitas          Tloc           3%         N/A       43%         3
 Lesser Beckoning         Tloc           3%         N/A       43%         3
 Teleport Other           Tloc           3%         N/A       43%         3
 Vampiric Draining        Necr           3%         2d6       43%         3
 Hailstorm                Conj/Ice       9%         3d4       56%         4
 Agony                    Necr           3%         N/A       99%         5


Dungeon Overview and Level Annotations

Branches:
Dungeon (11/15) Zot: 4099  Temple (1/1) D:5 Zot: 598    Lair (1/6) D:10 Zot: 171
  IceCv (1/1) Zot: 220
    Orc: D:9-12

Altars:
Nemelex Xobeh
Trog
The Shining One

Annotations:
D:8 3 runed translucent doors, DocClef's ghost, novice DrWn; Pooter's ghost, novice TrFi


Innate Abilities, Weirdness & Mutations

You are a creature of crystalline ice.
You have a powerful freezing melee attack.
You are amphibious.
Your maximum health is increased.
Your armour is entirely melded.
You are incapable of wielding weapons or throwing items.
You passively map the area around you.
You are easily found by Zot.
You glow in the dark.
You regain HP and MP as you explore.


Message History

You draw... (choose one card, ? for their descriptions)
a - the Storm
b - the Orb c - Pain You have drawn the Orb.
Press: ? - help, Shift-Dir - straight line, f/p - reaper
Aim: a reaper, wielding a +0 scythe of freezing (heavily wounded)
The wavering orb of destruction weakly hits the reaper!
The reaper is severely wounded.
Your orb of destruction hits an ice covered rock wall. x5
The reaper hits you but does no damage.
Your orb of destruction hits an ice covered rock wall.
Unknown command.
You punch the reaper! You freeze the reaper.
The reaper is severely wounded.
The reaper misses you.
You barely miss the reaper.
The reaper is severely wounded.
You punch the reaper! You freeze the reaper.
The reaper is almost dead.
The reaper hits you with a +0 scythe of freezing!!
* * * LOW HITPOINT WARNING * * *
The reaper freezes you.
* * * LOW HITPOINT WARNING * * *
Unknown command.
You pummel the reaper!! You freeze the reaper.
You kill the reaper!
The death yak simulacrum is attracted toward you.
Your Fighting skill increases to level 9!
Aiming: Paralyse
Press: ? - help, Shift-Dir - straight line, f - entropy weaver simulacrum
Aim: an entropy weaver simulacrum (moderately damaged, chance to affect: 59%)
The entropy weaver simulacrum resists with significant effort.
The entropy weaver simulacrum barely misses you.
The entropy weaver simulacrum hits you.
* * * LOW HITPOINT WARNING * * *
The entropy weaver simulacrum freezes you.
You resist.
You die...
Your body glows with a rainbow of weird colours and disappears.

, **.Z# , #Z#
* ,* ##.#
#2## *, ####
##Z# ##Z# ,
##Z# ###Y## ,
##.#.# #....#
##.#.## *#≈≈≈
#. ##.#
≈≈≈≈≈#.##..#
≈≈≈≈≈#..#.##
#
#≈≈≈≈##.#..#
##
≈≈≈≈.#≈...###


You could see a death yak simulacrum, an elephant simulacrum and an entropy
weaver simulacrum.

Vanquished Creatures
  A reaper (IceCv)
  2 black mambas (Lair:1)
  An ice statue (IceCv)
  A cane toad (Lair:1)
  2 rime drakes (Lair:1)
  A komodo dragon (Lair:1)
  A freezing wraith (IceCv)
  Prince Ribbit (D:5)
  Sigmund (D:2)
  A wraith (D:10)
  A wyvern (D:8)
  24 yaks
  A dire elephant simulacrum (IceCv)
  2 death yak simulacra (IceCv)
  4 vampire mosquitoes (D:9)
  Edmund (D:6)
  7 water moccasins
  2 orc warriors
  3 sky beasts
  A black bear (Lair:1)
  2 centaurs
  A kobold brigand (D:9)
  Blork the orc (D:5)
  4 bullfrogs
  A gnoll sergeant (D:10)
  2 scorpions
  4 two-headed ogre simulacra (IceCv)
  A cane toad simulacrum (IceCv)
  8 wights
  An elephant simulacrum (IceCv)
  A howler monkey (D:5)
  2 jellies (D:7)
  2 hounds (D:5)
  2 orc priests
  Ijyb (D:3)
  An iguana (D:5)
  3 orc wizards
  4 spriggan simulacra (IceCv)
  6 troll simulacra (IceCv)
  2 polar bear simulacra (IceCv)
  4 wolf simulacra (IceCv)
  9 gnolls
  5 naga simulacra (IceCv)
  9 adders
  4 white imps
  4 ufetubi (IceCv)
  2 dart slugs
  25 orcs
  5 ball pythons
  3 bats
  2 endoplasms
  6 giant cockroaches
  4 goblins
  2 hobgoblins
  4 jackals (D:4)
  3 quokkas
  3 frilled lizards
  6 kobolds
  2 rats
209 creatures vanquished.

Vanquished Creatures (others)
  An orc wizard (D:10)
  A white imp (IceCv)
  2 fungi (Lair:1)
  A plant (Lair:1)
  2 withered plants (D:8)
7 creatures vanquished.

Grand Total: 216 creatures vanquished

Notes
Turn   | Place    | Note
-------+----------+-------------------------------------------
     0 | D:1      | shoop the Meteoran Transmuter began the quest for the Orb.
     0 | D:1      | Reached XP level 1. HP: 16/16 MP: 5/5
   140 | D:2      | Reached skill level 4 in Unarmed Combat
   140 | D:2      | Reached XP level 2. HP: 23/23 MP: 6/6
   190 | D:2      | Reached XP level 3. HP: 22/28 MP: 8/8
   194 | D:2      | Learned a level 3 spell: Spider Form
   203 | D:2      | Noticed Sigmund
   212 | D:3      | Reached skill level 1 in Poison Magic
   222 | D:3      | Reached skill level 5 in Unarmed Combat
   290 | D:3      | Found a sparkling altar of Nemelex Xobeh.
   306 | D:3      | Reached XP level 4. HP: 35/35 MP: 7/9
   313 | D:3      | Became a worshipper of Nemelex Xobeh the Trickster
   513 | D:2      | Killed Sigmund
   514 | D:2      | Reached skill level 5 in Spellcasting
   514 | D:2      | Reached XP level 5. HP: 22/40 MP: 4/13
   514 | D:2      | Reached XP level 6. HP: 26/47 MP: 4/14
   538 | D:3      | Noticed Ijyb
   549 | D:3      | Killed Ijyb
   613 | D:3      | Learned a level 4 spell: Ice Form
   641 | D:4      | Reached skill level 1 in Evocations
   807 | D:5      | Entered Level 5 of the Dungeon
   817 | D:5      | Reached XP level 7. HP: 46/52 MP: 6/15
   817 | D:5      | Reached * piety under Nemelex Xobeh
   824 | D:5      | Learned a level 2 spell: Passwall
   874 | D:5      | Found a glowing golden altar of the Shining One.
   876 | D:5      | Found a bloodstained altar of Trog.
   937 | D:6      | Reached skill level 6 in Unarmed Combat
   951 | D:6      | Noticed a water moccasin
   958 | D:6      | Killed a water moccasin
   959 | D:6      | Reached skill level 7 in Unarmed Combat
   964 | D:6      | Received a gift from Nemelex Xobeh
   968 | D:6      | Noticed Edmund
   984 | D:5      | Reached XP level 8. HP: 52/59 MP: 16/16
   994 | D:5      | Reached skill level 1 in Invocations
  1005 | D:5      | Found a staircase to the Ecumenical Temple.
  1021 | D:6      | Noticed Blork the orc
  1031 | D:5      | Killed Blork the orc
  1032 | D:5      | Reached skill level 1 in Ice Magic
  1067 | Temple   | Entered the Ecumenical Temple
  1091 | D:6      | Noticed Prince Ribbit
  1102 | D:5      | Killed Prince Ribbit
  1103 | D:5      | Reached skill level 5 in Transmutations
  1160 | D:6      | Reached skill level 8 in Unarmed Combat
  1176 | D:6      | Found the +5 robe of Misfortune {Harm *Corrode *Slow EV+5}
  1212 | D:6      | Gained mutation: You passively map the area around you.
                  | [Meteoran growth]
  1212 | D:6      | Reached XP level 9. HP: 64/64 MP: 17/17
  1231 | D:6      | Killed Edmund
  1337 | D:6      | Reached ** piety under Nemelex Xobeh
  1384 | D:6      | Reached skill level 1 in Earth Magic
  1442 | D:6      | Reached skill level 9 in Unarmed Combat
  1549 | D:7      | Got the Tome of Contamination and the Glacier
  1686 | D:8      | Reached skill level 10 in Unarmed Combat
  1743 | D:8      | Received a gift from Nemelex Xobeh
  1762 | D:8      | Reached XP level 10. HP: 73/73 MP: 18/18
  1776 | D:8      | Found a runed translucent gate.
  1777 | D:8      | Found a runed translucent gate.
  1778 | D:8      | Found a runed translucent gate.
  1779 | D:8      | Noticed DocClef's ghost (novice DrWn)
  1781 | D:8      | Noticed Pooter's ghost (novice TrFi)
  1828 | D:9      | Reached *** piety under Nemelex Xobeh
  1881 | D:9      | Reached skill level 5 in Invocations
  1964 | D:10     | Entered Level 10 of the Dungeon
  2122 | D:10     | Received a gift from Nemelex Xobeh
  2148 | D:10     | Reached skill level 5 in Dodging
  2161 | D:10     | Reached skill level 11 in Unarmed Combat
  2214 | D:10     | Reached skill level 5 in Fighting
  2232 | D:10     | Found a staircase to the Lair.
  2493 | D:11     | Noticed a boulder beetle
  2537 | Lair:1   | Entered Level 1 of the Lair of Beasts
  2537 | Lair:1   | Found a bloodstained altar of Trog.
  2541 | Lair:1   | Reached skill level 12 in Unarmed Combat
  2554 | Lair:1   | Reached XP level 11. HP: 86/86 MP: 19/19
  2645 | Lair:1   | Reached skill level 13 in Unarmed Combat
  2666 | Lair:1   | Reached **** piety under Nemelex Xobeh
  2780 | Lair:1   | Reached skill level 14 in Unarmed Combat
  2805 | Lair:1   | Noticed a black mamba
  2814 | Lair:1   | Killed a black mamba
  2831 | Lair:1   | Noticed a black mamba
  2839 | Lair:1   | Killed a black mamba
  2888 | Lair:1   | Received a gift from Nemelex Xobeh
  2936 | Lair:1   | Reached skill level 15 in Unarmed Combat
  2974 | Lair:1   | Found a frozen archway.
  2981 | Lair:1   | Reached XP level 12. HP: 86/95 MP: 11/20
  2992 | IceCv    | Entered an ice cave
  3342 | IceCv    | Noticed a reaper
  3392 | IceCv    | Killed a reaper
  3393 | IceCv    | HP: 3/124 [entropy weaver simulacrum (4)]
  3393 | IceCv    | Slain by an entropy weaver simulacrum

Illustrated notes

Levels and vault maps discovered:
D:1:      zaba_arrival_water, layout_basic, nicolae_ecumenical_lake_church,
          serial_shops, shop, minmay_misc_feat_tower
D:2:      layout_loops_cross, minivault_19, minmay_increasing_density,
          uniq_sigmund
D:3:      layout_rooms, mainiacjoe_overflow_paths, minmay_misc_feat_nine_boxes,
          minmay_misc_feat_tiny, uniq_natasha, uniq_ijyb
D:4:      layout_loops_ring, minmay_fractal_squares_gapless_5, uniq_pikel
D:5:      layout_loops_ring, nicolae_qazlal_general_emergency,
          chequers_temple_overflow_statue_of_worship, minmay_temple_entry_tees,
          chequers_serial_rivers_small_b, grunt_decor_junction
D:6:      layout_basic, kennysheep_cluttered_room, nrook_uturn,
          kb_lookout_dungeons_type, uniq_edmund, uniq_blork_the_orc,
          uniq_prince_ribbit1, uniq_crazy_yiuf_cottage
D:7:      layout_rooms, kennysheep_crisscross
D:8:      layout_cave_pools, gammafunk_ghost_cemetery, dk_noncrumbling_4
D:9:      layout_loops_ring, bloody_makhleb, mainiacjoe_overflow_catwalk,
          david_orc_4
D:10:     layout_long_grid, lair_entry_dummy
D:11:     layout_loops_ring
Temple:   eino_temple_scatter_basement
Lair:1:   layout_small_grid, basic_altar, portal_ice_cave_rime
IceCv:    ice_cave_caverns_03

Skill      XL: |  1  2  3  4  5  6  7  8  9 10 11 12 |
---------------+-------------------------------------+-----
Unarmed Combat | 4 5 7 8 10 12 15 | 15.0
Poison Magic   | 1 2 |  2.0
Transmutations | 4 5 7 |  7.0
Spellcasting   | 5 |  5.3
Evocations     | 2 3 |  3.0
Invocations    | 3 5 8 |  8.0
Ice Magic      | 3 4 |  4.0
Earth Magic    | 2 |  2.0
Dodging        | 3 5 |  5.0
Fighting       | 5 9 |  9.0

Action                   |  1- 3 |  4- 6 |  7- 9 | 10-12 || total
-------------------------+-------+-------+-------+-------++-------
Melee: Unarmed           |    50 |    92 |   129 |   317 ||   588
       Kick              |     9 |     7 |       |       ||    16
       Headbutt          |     7 |     2 |       |       ||     9
       Punch             |     2 |       |       |     1 ||     3
       War axe           |       |       |     5 |     2 ||     7
 Cast: Beastly Appendage |    11 |     6 |       |       ||    17
       Spider Form       |       |     7 |     6 |       ||    13
       Ice Form          |       |       |    11 |    19 ||    30
       Passwall          |       |       |       |     2 ||     2
Invok: Draw Destruction  |       |       |     2 |     5 ||     7
       Draw Escape       |       |       |       |     3 ||     3
       Triple Draw       |       |       |       |     2 ||     2
       Draw Summoning    |       |       |       |     1 ||     1
 Abil: End Transformatio |       |       |       |     2 ||     2
Evoke: Wand              |       |       |       |     3 ||     3
  Use: Scroll            |       |       |     3 |     3 ||     6
       Potion            |       |       |       |     5 ||     5
 Stab: Sleeping          |     1 |       |       |       ||     1
Armor: Robe              |    11 |    10 |     4 |     1 ||    26
       Skin              |       |    15 |    28 |    87 ||   130
Dodge: Dodged            |    21 |    69 |    57 |   118 ||   265

Table legend: (Time is in decaauts)
 A = Elapsed time spent in this place.
 B = Non-inter-level travel time spent in this place.
 C = Inter-level travel time spent in this place.
 D = Time resting spent in this place.
 E = Time spent auto-exploring this place.
 F = Levels seen in this place.
 G = Mean time per level.
                   A        B        C        D        E       F      G
               +--------+--------+--------+--------+--------+-----+--------+
         Total |   3310 |   3206 |    104 |      0 |     82 |  14 |  236.4 |
       Dungeon |   2500 |   2396 |    104 |      0 |     82 |  11 |  227.3 |
        Temple |      1 |      1 |      0 |      0 |      0 |   1 |    1.0 |
          Lair |    428 |    428 |      0 |      0 |      0 |   1 |  428.0 |
      Ice Cave |    379 |    379 |      0 |      0 |      0 |   1 |  379.0 |
               +--------+--------+--------+--------+--------+-----+--------+

Top non-repeatable levels by time:
    D:10: 550 daAuts
  Lair:1: 428 daAuts
   IceCv: 379 daAuts
     D:3: 353 daAuts
     D:6: 312 daAuts
     D:5: 279 daAuts
     D:7: 251 daAuts
     D:4: 186 daAuts
     D:2: 164 daAuts
     D:9: 154 daAuts
     D:8: 149 daAuts
     D:1: 97 daAuts
  Temple: 1 daAuts
    D:11: 1 daAuts
